2050 views
Uploaded 2022-11-18 07:21:15
Game version 1.33
11:35 long 1on1 ladder game on (2)AutumnLeaves
Saved by ZueD
2050 views
Uploaded 2022-11-18 07:21:15
Game version 1.33
11:35 long 1on1 ladder game on (2)AutumnLeaves

35 units @ 3.9k
/ 0.2k
14 buildings @ 2.4k
/ 0.8k


| Rod of Necromancy | 2 | 300 |
| Sacrificial Skull | 2 | 100 |
| Potion of Healing | 1 | 150 |
| Boots of Speed | 1 | 250 |
| total: | 6 | 800g |
| Acolyte | 18 | 1350 | / | 0 |
| Ghoul | 12 | 1440 | / | 0 |
| Crypt Fiend | 4 | 860 | / | 160 |
| Obsidian Statue | 1 | 200 | / | 35 |
| total: | 35 | 3850g | / | 195w |
| Nerubian Tower | 3 | 300 | / | 60 |
| Spirit Tower | 2 | 290 | / | 80 |
| Crypt | 2 | 400 | / | 100 |
| Altar of Darkness | 2 | 360 | / | 100 |
| Ziggurat | 5 | 750 | / | 250 |
| Tomb of Relics | 1 | 130 | / | 30 |
| Graveyard | 1 | 215 | / | 0 |
| Necropolis | 1 | 225 | / | 0 |
| Slaughterhouse | 1 | 140 | / | 135 |
| Temple of the Damned | 1 | 155 | / | 140 |
| Halls of the Dead | 2 | 640 | / | 420 |
| Black Citadel | 2 | 650 | / | 460 |
| total: | 14 | 2375g | / | 755w |
| 0:02 | Acolyte |
| 0:02 | Acolyte |
| 0:02 | Acolyte |
| 0:07 | Crypt |
| 0:12 | Altar of Darkness |
| 0:15 | Altar of Darkness |
| 0:24 | Ziggurat |
| 0:32 | Acolyte |
| 0:32 | Acolyte |
| 0:42 | Acolyte |
| 0:42 | Acolyte |
| 0:55 | Tomb of Relics |
| 1:09 | Ghoul |
| 1:14 | Ghoul |
| 1:14 | Ghoul |
| 1:32 | Ziggurat |
| 1:43 | Ghoul |
| 1:43 | Ghoul |
| 1:54 | Ghoul |
| 2:13 | Rod of Necromancy |
| 2:14 | Sacrificial Skull |
| 2:15 | Sacrificial Skull |
| 2:19 | Carrion Beetles |
| 2:26 | Ghoul |
| 2:39 | Acolyte |
| 2:46 | Ghoul |
| 2:46 | Ghoul |
| 3:00 | Ghoul |
| 3:25 | Acolyte |
| 3:25 | Acolyte |
| 3:30 | Ghoul |
| 3:43 | Nerubian Tower |
| 3:46 | Spiked Carapace |
| 3:48 | Ziggurat |
| 4:15 | Ziggurat |
| 4:40 | Nerubian Tower |
| 4:43 | Ghoul |
| 5:00 | Acolyte |
| 5:00 | Acolyte |
| 5:42 | Acolyte |
| 5:42 | Acolyte |
| 5:59 | Halls of the Dead |
| 6:15 | Graveyard |
| 6:41 | Crypt |
| 7:06 | Boots of Speed |
| 7:14 | Carrion Beetles |
| 7:35 | Necropolis |
| 8:04 | Crypt Fiend |
| 8:05 | Creature Attack |
| 8:20 | Black Citadel |
| 8:22 | Slaughterhouse |
| 8:31 | Temple of the Damned |
| 8:35 | Burrow |
| 8:56 | Web |
| 8:58 | Creature Carapace |
| 9:02 | Ziggurat |
| 9:24 | Death Coil |
| 9:42 | Obsidian Statue |
| 9:47 | Spirit Tower |
| 9:49 | Spirit Tower |
| 10:06 | Crypt Fiend |
| 10:21 | Rod of Necromancy |
| 10:22 | Potion of Healing |
| 10:32 | Crypt Fiend |
| 11:03 | Acolyte |
| 11:03 | Acolyte |
| 11:04 | Acolyte |
| 11:04 | Acolyte |
| 11:11 | Unholy Aura |
| 11:18 | Crypt Fiend |
| Select group | 909 |
| Right click | 868 |
| Select | 361 |
| Misc. action | 169 |
| Build/train/purchase | 139 |
| Assign group | 50 |
| Use ability | 8 |
| Esc | 6 |
| Item give/drop | 1 |
32 units @ 3.5k
/ 0k
9 buildings @ 1.5k
/ 0.5k



| Rod of Necromancy | 2 | 300 |
| Ritual Dagger | 1 | 125 |
| Sacrificial Skull | 1 | 50 |
| Orb of Corruption | 1 | 375 |
| Boots of Speed | 1 | 250 |
| total: | 6 | 1100g |
| Acolyte | 9 | 675 | / | 0 |
| Ghoul | 22 | 2640 | / | 0 |
| Obsidian Statue | 1 | 200 | / | 35 |
| total: | 32 | 3515g | / | 35w |
| Crypt | 1 | 200 | / | 50 |
| Altar of Darkness | 1 | 180 | / | 50 |
| Ziggurat | 4 | 600 | / | 200 |
| Tomb of Relics | 1 | 130 | / | 30 |
| Graveyard | 1 | 215 | / | 0 |
| Slaughterhouse | 1 | 140 | / | 135 |
| Halls of the Dead | 1 | 320 | / | 210 |
| Black Citadel | 1 | 325 | / | 230 |
| total: | 9 | 1465g | / | 465w |
| 0:02 | Acolyte |
| 0:04 | Crypt |
| 0:06 | Altar of Darkness |
| 0:22 | Ziggurat |
| 0:31 | Acolyte |
| 0:31 | Acolyte |
| 0:31 | Acolyte |
| 0:31 | Acolyte |
| 0:31 | Acolyte |
| 0:45 | Acolyte |
| 1:02 | Tomb of Relics |
| 1:07 | Ghoul |
| 1:07 | Ghoul |
| 1:07 | Ghoul |
| 1:07 | Ghoul |
| 1:07 | Ghoul |
| 1:22 | Ziggurat |
| 1:34 | Ghoul |
| 1:34 | Ghoul |
| 1:34 | Ghoul |
| 1:46 | Ghoul |
| 1:46 | Ghoul |
| 1:46 | Ghoul |
| 1:46 | Ghoul |
| 1:46 | Ghoul |
| 2:09 | Rod of Necromancy |
| 2:18 | Frost Nova |
| 2:23 | Ghoul |
| 2:37 | Ghoul |
| 3:12 | Ritual Dagger |
| 3:20 | Ghoul |
| 3:23 | Dark Ritual |
| 3:29 | Halls of the Dead |
| 3:42 | Boots of Speed |
| 3:56 | Ghoul |
| 5:04 | Ghoul |
| 5:50 | Graveyard |
| 6:01 | Ghoul |
| 6:09 | Black Citadel |
| 6:24 | Ghoul |
| 6:40 | Ziggurat |
| 6:49 | Death Coil |
| 7:04 | Rod of Necromancy |
| 7:16 | Slaughterhouse |
| 7:23 | Ziggurat |
| 7:34 | Ghoul |
| 8:05 | Ghoul |
| 8:09 | Sacrificial Skull |
| 8:30 | Obsidian Statue |
| 8:31 | Ghoul Frenzy |
| 8:40 | Acolyte |
| 9:09 | Orb of Corruption |
| 9:42 | Black Arrow |
| 10:06 | Unholy Aura |
| 10:41 | Acolyte |
| 10:43 | Frost Nova |
| Right click | 857 |
| Select group | 513 |
| Select | 198 |
| Build/train/purchase | 88 |
| Assign group | 33 |
| Use ability | 27 |
| Misc. action | 24 |
| Chat | 19 |
| Remove unit | 1 |